Senators vs Kings

Created - Friday, February 27, 2015 at 00:42

Goals
1 2 3 T
Senators 1 0 0 1
Kings 3 0 0 3
Shots
1 2 3 T
Senators 10 8 8 26
Kings 15 6 7 28

1st period

1. Kings , Milan Lucic 14 (Mika Zibanejad, Cam Fowler) at 0:23
2. Senators , David Clarkson 2 (Nate Prosser, Scott Gomez) at 11:56
3. Kings , Carl Soderberg 7 (Ryan Johansen) at 13:36
4. Kings , Ryan Johansen 33 (Tomas Kopecky) at 14:55 (PP)

Penalties :
David Clarkson (Ott) for Holding (Minor) at 3:13, Zach Bogosian (Ott) for Holding (Minor) at 14:29, Zach Bogosian (Ott) for Tripping (Minor) at 16:21, Colin Greening (Ott) for Hooking (Minor) at 18:29

2nd period

No Goal

Penalties :
Kyle Okposo (Ott) for Tripping (Minor) at 5:01, Brenden Morrow (LA ) for Hooking (Minor) at 13:06, Reilly Smith (Ott) for Interference (Minor) at 16:21, Adam McQuaid (LA ) for Roughing (Minor) at 17:02

3rd period

No Goal

Penalties :
Brenden Morrow (LA ) for Holding (Minor) at 6:16, David Clarkson (Ott) for Interference (Minor) at 9:48, David Clarkson (Ott) for Hooking (Minor) at 17:06

Goalie Stats

Steve Mason (Ott), 25 saves from 28 shots - (0.893), L, 34-15-3, 60:00 minutes
Sergei Bobrovsky (LA ), 25 saves from 26 shots - (0.962), W, 42-11-2, 60:00 minutes

Players Stats for Senators

Player Name              G  A  P  +/- PIM S  H  SB GA TA FO     MP     PP MP  PK MP  
------------------------------------------------------------------------------------
Colin Greening           0  0  0   1  2   2  0  1  1  0  0/1    14:30   0:00   7:50 
Connor Murphy            0  0  0   0  0   0  3  0  0  0  0/0    22:29   2:05   6:27 
David Clarkson           1  0  1   1  6   2  2  0  0  0  0/1     6:33   0:00   0:00 
Erik Gudbranson          0  0  0  -1  0   0  2  1  2  0  0/0    24:04   2:05   7:41 
Henrik Sedin             0  0  0   0  0   1  1  0  0  0  5/11   14:37   2:25   0:00 
Jonathan Toews           0  0  0  -1  0   3  1  0  1  1  12/20  22:36   2:14   8:24 
Justin Schultz           0  0  0   0  0   2  2  1  0  1  0/0    17:15   2:34   0:00 
Kyle Okposo              0  0  0   0  2   2  0  0  2  0  0/0    14:44   2:25   0:00 
Loui Eriksson            0  0  0  -1  0   5  0  2  1  0  0/0    13:38   2:25   0:33 
Mark Scheifele           0  0  0  -1  0   0  0  0  0  0  0/0    11:09   0:00   0:00 
Nate Prosser             0  1  1   0  0   1  3  2  1  0  0/0    17:23   0:00   4:02 
Nazem Kadri              0  0  0  -1  0   1  3  1  4  0  0/7    15:07   0:00   3:15 
Peter Harrold            0  0  0   0  0   2  1  0  0  1  0/0    14:25   0:00   1:18 
Phil Kessel              0  0  0  -1  0   3  0  0  2  0  0/0    14:11   2:14   0:00 
Reilly Smith             0  0  0  -1  2   1  2  0  1  0  0/0    14:20   0:09   2:45 
Scott Gomez              0  1  1   1  0   0  0  0  1  1  3/3     6:09   0:00   0:00 
Scott Hartnell           0  0  0   0  0   1  2  0  0  0  0/1    17:52   2:05   3:15 
Zach Bogosian            0  0  0  -1  4   0  3  1  1  2  0/0    24:31   2:34   6:34 

Players Stats for Kings

Player Name              G  A  P  +/- PIM S  H  SB GA TA FO     MP     PP MP  PK MP  
------------------------------------------------------------------------------------
Adam McQuaid             0  0  0   0  2   0  2  0  1  0  0/0    18:03   6:46   2:23 
Brandon McMillan         0  0  0   0  0   0  0  0  0  0  0/0     0:00   0:00   0:00 
Brenden Morrow           0  0  0   0  4   0  3  0  0  1  0/0    15:25   0:00   0:00 
Cam Fowler               0  1  1   0  0   4  3  1  0  2  0/0    28:33   6:14   1:35 
Carl Soderberg           1  0  1   1  0   3  0  0  3  0  1/1    18:34   6:15   0:51 
Duncan Keith             0  0  0   1  0   4  0  2  0  0  0/0    26:31   6:14   3:04 
Henrik Tallinder         0  0  0   1  0   0  0  0  1  1  0/0    12:34   0:00   0:00 
Ladislav Smid            0  0  0   1  0   1  3  1  0  2  0/0    24:05   6:47   2:16 
Matt Cullen              0  0  0   0  0   1  2  1  3  1  7/8    15:32   0:36   0:00 
Mika Zibanejad           0  1  1   0  0   1  0  0  2  0  0/0    19:43   6:46   1:11 
Milan Lucic              1  0  1   0  0   3  5  1  2  0  1/3    19:43   6:46   1:11 
Nathan Paetsch           0  0  0  -1  0   0  1  1  0  0  0/0    10:14   0:00   0:00 
Nick Bjugstad            0  0  0   0  0   2  1  0  2  0  1/2    15:57   0:50   0:00 
Ryan Johansen            1  1  2   1  0   5  2  0  0  1  3/7    21:26   5:24   2:37 
Tomas Kopecky            0  1  1   1  0   0  1  1  1  0  0/0    16:32   6:15   0:00 
Tyler Seguin             0  0  0   1  0   4  0  0  2  2  9/20   23:30   6:11   2:37 
Vincent Trocheck         0  0  0  -1  0   0  1  0  0  0  2/3     7:38   0:00   0:51 
Vladislav Namestnikov    0  0  0   0  0   0  0  0  0  0  0/0     0:00   0:00   0:00 

3 Stars

1 - Ryan Johansen (LA )
2 - Sergei Bobrovsky (LA )
3 - Milan Lucic (LA )

Power Play

Senators - 0 on 3 Attempt(s) - 0.00%
Kings - 1 on 8 Attempt(s) - 12.50%

Penalty Kill

Senators - 7 on 8 Attempt(s) - 87.50% - Score 0 goal in Penalty Kill
Kings - 3 on 3 Attempt(s) - 100.00% - Score 0 goal in Penalty Kill

Team Stat

Senators - Hits : 25 - Faceoff Wins : 20 - Blocked Shots : 9 - Penalty Minutes : 16
Kings - Hits : 24 - Faceoff Wins : 24 - Blocked Shots : 8 - Penalty Minutes : 6

Official

Referees : Unknown
Linesman : Unknown

Game Notes

No Game Note

Finance

Level 1 -- Attendance: 6000 (100.00%) -- Ticket Income $510,000
Level 2 -- Attendance: 4505 (90.10%) -- Ticket Income $234,260
Level 3 -- Attendance: 1965 (98.25%) -- Ticket Income $60,915
Level 4 -- Attendance: 3862 (96.55%) -- Ticket Income $65,654
Luxury Box -- Attendance: 861 (86.10%) -- Ticket Income $150,675
Game was played at the Staples Center'
Total Attendance: 17193 (95.52%)
Total Ticket Income: $1,021,504
Other Income: $500,537
Total Income: $1,522,041

Senators

5 vs 5 Forward 
   Center                   Left Wing                Right Wing               Time % Phy DF OF 
 1 Jonathan Toews           Loui Eriksson            Phil Kessel              40     1   2  2  
 2 Henrik Sedin             Scott Hartnell           Kyle Okposo              32     1   2  2  
 3 Nazem Kadri              Reilly Smith             Mark Scheifele           20     1   2  2  
 4 Scott Gomez              Colin Greening           David Clarkson           8      1   2  2  

5 vs 5 Defense 
   Defense                  Defense                                           Time % Phy DF OF 
 1 Zach Bogosian            Erik Gudbranson                                   40     1   2  2  
 2 Justin Schultz           Connor Murphy                                     30     1   2  2  
 3 Nate Prosser             Peter Harrold                                     25     1   2  2  
 4 Zach Bogosian            Erik Gudbranson                                   5      1   2  2  

PowerPlay Forward 
   Center                   Left Wing                Right Wing               Time % Phy DF OF 
 1 Jonathan Toews           Scott Hartnell           Phil Kessel              60     1   2  2  
 2 Henrik Sedin             Loui Eriksson            Kyle Okposo              40     1   2  2  

PowerPlay Defense
   Defense                  Defense                                           Time % Phy DF OF 
 1 Justin Schultz           Zach Bogosian                                     60     1   2  2  
 2 Erik Gudbranson          Connor Murphy                                     40     1   2  2  

Penalty Kill 4 Players Forward 
   Center                   Wing                     Time % Phy DF OF 
 1 Jonathan Toews           Colin Greening           60     1   2  2  
 2 Nazem Kadri              Scott Hartnell           40     1   2  2  

Penalty Kill 4 Players Defense
   Defense                  Defense                  Time % Phy DF OF 
 1 Zach Bogosian            Erik Gudbranson          60     1   2  2  
 2 Nate Prosser             Connor Murphy            40     1   2  2  

Penalty Kill - 3 Players Forward 
   Forward                                           Time % Phy DF OF 
 1 Jonathan Toews                                    60     1   2  2  
 2 Colin Greening                                    40     1   2  2  

Penalty Kill - 3 Players Defense
   Defense                  Defense                  Time % Phy DF OF 
 1 Zach Bogosian            Erik Gudbranson          60     1   2  2  
 2 Connor Murphy            Nate Prosser             40     1   2  2  

4 vs 4 Forward 
   Center                   Wing                     Time % Phy DF OF 
 1 Jonathan Toews           Phil Kessel              60     1   2  2  
 2 Henrik Sedin             Kyle Okposo              40     1   2  2  

4 vs 4 Defense
   Defense                  Defense                  Time % Phy DF OF 
 1 Justin Schultz           Zach Bogosian            60     1   2  2  
 2 Erik Gudbranson          Connor Murphy            40     1   2  2  

Last Minutes Offensive
   Center                   Left Wing                Right Wing               Defense                  Defense                  
   Jonathan Toews           Scott Hartnell           Phil Kessel              Justin Schultz           Nate Prosser             

Last Minutes Defensive
   Center                   Left Wing                Right Wing               Defense                  Defense                  
   Jonathan Toews           Scott Hartnell           Phil Kessel              Justin Schultz           Nate Prosser             

Goaltenders
Starting : Steve Mason              
Backup : James Reimer             

Extra Forwards
Normal : Nazem Kadri, Colin Greening, Reilly Smith - PP : Nazem Kadri, Colin Greening - PK : Reilly Smith
Extra Defensemen
Normal : Zach Bogosian, Erik Gudbranson, Justin Schultz - PP : Erik Gudbranson - PK : Zach Bogosian, Erik Gudbranson
Penalty Shots
Jonathan Toews, Phil Kessel, Henrik Sedin, Kyle Okposo, Scott Hartnell

Kings

5 vs 5 Forward 
   Center                   Left Wing                Right Wing               Time % Phy DF OF 
 1 Tyler Seguin             Milan Lucic              Mika Zibanejad           35     1   2  2  
 2 Ryan Johansen            Tomas Kopecky            Carl Soderberg           30     1   2  2  
 3 Matt Cullen              Brenden Morrow           Nick Bjugstad            22     1   2  2  
 4 Vincent Trocheck         Tyler Seguin             Ryan Johansen            13     1   2  2  

5 vs 5 Defense 
   Defense                  Defense                                           Time % Phy DF OF 
 1 Duncan Keith             Cam Fowler                                        35     1   2  2  
 2 Henrik Tallinder         Ladislav Smid                                     30     1   2  2  
 3 Nathan Paetsch           Cam Fowler                                        22     1   2  2  
 4 Adam McQuaid             Duncan Keith                                      13     1   2  2  

PowerPlay Forward 
   Center                   Left Wing                Right Wing               Time % Phy DF OF 
 1 Tyler Seguin             Milan Lucic              Mika Zibanejad           60     1   2  2  
 2 Ryan Johansen            Tomas Kopecky            Carl Soderberg           40     1   2  2  

PowerPlay Defense
   Defense                  Defense                                           Time % Phy DF OF 
 1 Duncan Keith             Cam Fowler                                        60     1   2  2  
 2 Adam McQuaid             Ladislav Smid                                     40     1   2  2  

Penalty Kill 4 Players Forward 
   Center                   Wing                     Time % Phy DF OF 
 1 Tyler Seguin             Ryan Johansen            60     1   2  2  
 2 Milan Lucic              Mika Zibanejad           40     1   2  2  

Penalty Kill 4 Players Defense
   Defense                  Defense                  Time % Phy DF OF 
 1 Duncan Keith             Adam McQuaid             60     1   2  2  
 2 Cam Fowler               Ladislav Smid            40     1   2  2  

Penalty Kill - 3 Players Forward 
   Forward                                           Time % Phy DF OF 
 1 Tyler Seguin                                      60     1   2  2  
 2 Ryan Johansen                                     40     1   2  2  

Penalty Kill - 3 Players Defense
   Defense                  Defense                  Time % Phy DF OF 
 1 Duncan Keith             Cam Fowler               60     1   2  2  
 2 Adam McQuaid             Ladislav Smid            40     1   2  2  

4 vs 4 Forward 
   Center                   Wing                     Time % Phy DF OF 
 1 Tyler Seguin             Ryan Johansen            60     1   2  2  
 2 Milan Lucic              Mika Zibanejad           40     1   2  2  

4 vs 4 Defense
   Defense                  Defense                  Time % Phy DF OF 
 1 Duncan Keith             Cam Fowler               60     1   2  2  
 2 Adam McQuaid             Ladislav Smid            40     1   2  2  

Last Minutes Offensive
   Center                   Left Wing                Right Wing               Defense                  Defense                  
   Tyler Seguin             Milan Lucic              Mika Zibanejad           Duncan Keith             Cam Fowler               

Last Minutes Defensive
   Center                   Left Wing                Right Wing               Defense                  Defense                  
   Tyler Seguin             Milan Lucic              Mika Zibanejad           Duncan Keith             Cam Fowler               

Goaltenders
Starting : Sergei Bobrovsky         
Backup : Jonas Gustavsson         

Extra Forwards
Normal : Matt Cullen, Brenden Morrow, Vincent Trocheck - PP : Matt Cullen, Brenden Morrow - PK : Vincent Trocheck
Extra Defensemen
Normal : Duncan Keith, Cam Fowler, Adam McQuaid - PP : Duncan Keith - PK : Duncan Keith, Adam McQuaid
Penalty Shots
Tyler Seguin, Ryan Johansen, Milan Lucic, Mika Zibanejad, Tomas Kopecky

% Time on Ice - Senators

Lines # - Real PCT - Wanted PCT - Time Play
Normal Forward
1 - 27% - 40% - 11:11
2 - 31% - 32% - 12:33
3 - 27% - 20% - 11:09
4 - 15% - 8% - 6:09
Normal Defense
1 - 36% - 40% - 14:35
2 - 32% - 30% - 13:20
3 - 32% - 25% - 13:07
4 - 0% - 5% - 0:00
PP Forward
1 - 48% - 60% - 2:14
2 - 52% - 40% - 2:25
PP Defense
1 - 55% - 60% - 2:34
2 - 45% - 40% - 2:05
PK Forward
1 - 75% - 60% - 9:46
2 - 25% - 40% - 3:15
PK Defense
1 - 69% - 60% - 8:59
2 - 31% - 40% - 4:02
PK3 Forward
1 - 0% - 60%
2 - 0% - 40%
PK3 Defense
1 - 0% - 60%
2 - 0% - 40%
44 Forward
1 - 100% - 60% - 1:18
2 - 0% - 40% - 0:00
44 Defense
1 - 64% - 60% - 0:50
2 - 36% - 40% - 0:28
Last Minute Offensive  - 0:00
Last Minute Defensive  - 0:00
Total
Forward - 60:00
Defense - 60:00

% Time on Ice - Kings

Lines # - Real PCT - Wanted PCT - Time Play
Normal Forward
1 - 31% - 35% - 12:50
2 - 25% - 30% - 10:18
3 - 35% - 22% - 14:10
4 - 9% - 13% - 3:44
Normal Defense
1 - 19% - 35% - 7:53
2 - 36% - 30% - 14:58
3 - 25% - 22% - 10:14
4 - 19% - 13% - 7:57
PP Forward
1 - 52% - 60% - 6:46
2 - 48% - 40% - 6:15
PP Defense
1 - 48% - 60% - 6:14
2 - 52% - 40% - 6:47
PK Forward
1 - 75% - 60% - 3:28
2 - 25% - 40% - 1:11
PK Defense
1 - 51% - 60% - 2:23
2 - 49% - 40% - 2:16
PK3 Forward
1 - 0% - 60%
2 - 0% - 40%
PK3 Defense
1 - 0% - 60%
2 - 0% - 40%
44 Forward
1 - 92% - 60% - 1:12
2 - 8% - 40% - 0:06
44 Defense
1 - 92% - 60% - 1:12
2 - 8% - 40% - 0:06
Last Minute Offensive  - 0:00
Last Minute Defensive  - 0:00
Total
Forward - 60:00
Defense - 60:00

Play by Play

1st period


0:01 of 1st period - Jonathan Toews wins face-off versus Tyler Seguin in neutral zone.
0:04 of 1st period - Snap shot by Loui Eriksson.
0:04 of 1st period - Stopped by Sergei Bobrovsky without a rebound.
0:05 of 1st period - Tyler Seguin wins face-off versus Jonathan Toews in Kings zone.
0:23 of 1st period - Wrist shot by Mika Zibanejad.
0:23 of 1st period - Deflect By Milan Lucic.
0:23 of 1st period - Goal by Milan Lucic - Senators : 0 - Kings : 1.
0:24 of 1st period - Henrik Sedin wins face-off versus Ryan Johansen in neutral zone.
1:17 of 1st period - Slapshot by Nick Bjugstad.
1:17 of 1st period - Deflect By Matt Cullen.
1:17 of 1st period - Shot Blocked by Nazem Kadri.
1:17 of 1st period - Puck is out of play.
1:18 of 1st period - Matt Cullen wins face-off versus Nazem Kadri in Senators zone.
1:37 of 1st period - Snap shot by Reilly Smith.
1:37 of 1st period - Shot Blocked by Matt Cullen.
1:39 of 1st period - Slapshot by Peter Harrold.
1:39 of 1st period - Shot Blocked by Cam Fowler.
1:41 of 1st period - Snap shot by Nate Prosser.
1:41 of 1st period - Stopped by Sergei Bobrovsky with a rebound.
1:43 of 1st period - Slapshot by Peter Harrold.
1:43 of 1st period - Shot Misses the Net.
1:45 of 1st period - Slapshot by Peter Harrold.
1:45 of 1st period - Stopped by Sergei Bobrovsky with a rebound.
2:49 of 1st period - Colin Greening is hit by Adam McQuaid and loses puck.
2:56 of 1st period - Snap shot by Carl Soderberg.
2:56 of 1st period - Stopped by Steve Mason with a rebound.
2:58 of 1st period - Slapshot by Ryan Johansen.
2:58 of 1st period - Shot Blocked by Colin Greening.
3:00 of 1st period - Snap shot by Ryan Johansen.
3:00 of 1st period - Stopped by Steve Mason with a rebound.
3:02 of 1st period - Snap shot by Duncan Keith.
3:02 of 1st period - Stopped by Steve Mason with a rebound.
3:04 of 1st period - Wrist shot by Tomas Kopecky.
3:04 of 1st period - Shot Misses the Net.
3:06 of 1st period - Slapshot by Tomas Kopecky.
3:06 of 1st period - Shot Blocked by Zach Bogosian.
3:08 of 1st period - Slapshot by Adam McQuaid.
3:08 of 1st period - Shot Misses the Net.
3:13 of 1st period - Minor Penalty to David Clarkson for Holding.
3:14 of 1st period - Tyler Seguin wins face-off versus Colin Greening in Senators zone.
4:12 of 1st period - Slapshot by Nazem Kadri.
4:12 of 1st period - Shot Misses the Net.
4:40 of 1st period - Wrist shot by Tyler Seguin.
4:40 of 1st period - Stopped by Steve Mason without a rebound.
4:41 of 1st period - Tyler Seguin wins face-off versus Jonathan Toews in Senators zone.
5:00 of 1st period - Duncan Keith is hit by Jonathan Toews and loses puck.
5:13 of 1st period - Penalty to David Clarkson is over, David Clarkson is back on ice.
5:32 of 1st period - Henrik Sedin is hit by Nick Bjugstad and loses puck.
5:59 of 1st period - Connor Murphy is hit by Brenden Morrow.
6:25 of 1st period - Adam McQuaid is hit by Nazem Kadri and loses puck.
6:58 of 1st period - Loui Eriksson is hit by Ryan Johansen.
7:02 of 1st period - Snap shot by Ryan Johansen.
7:02 of 1st period - Stopped by Steve Mason without a rebound.
7:03 of 1st period - Jonathan Toews wins face-off versus Vincent Trocheck in Senators zone.
9:55 of 1st period - Snap shot by Mark Scheifele.
9:55 of 1st period - Shot Misses the Net.
10:45 of 1st period - Wrist shot by Duncan Keith.
10:45 of 1st period - Shot Blocked by Justin Schultz.
10:47 of 1st period - Snap shot by Duncan Keith.
10:47 of 1st period - Stopped by Steve Mason with a rebound.
11:31 of 1st period - Wrist shot by David Clarkson.
11:31 of 1st period - Stopped by Sergei Bobrovsky with a rebound.
11:33 of 1st period - Snap shot by Colin Greening.
11:33 of 1st period - Stopped by Sergei Bobrovsky with a rebound.
11:35 of 1st period - Slapshot by Peter Harrold.
11:35 of 1st period - Shot Misses the Net.
11:37 of 1st period - Snap shot by Peter Harrold.
11:37 of 1st period - Shot Misses the Net.
11:56 of 1st period - Slapshot by David Clarkson.
11:56 of 1st period - Goal by David Clarkson - Senators : 1 - Kings : 1.
11:57 of 1st period - Matt Cullen wins face-off versus Henrik Sedin in neutral zone.
12:00 of 1st period - Slapshot by Ladislav Smid.
12:00 of 1st period - Stopped by Steve Mason without a rebound.
12:01 of 1st period - Matt Cullen wins face-off versus Scott Hartnell in Senators zone.
12:12 of 1st period - Slapshot by Nick Bjugstad.
12:12 of 1st period - Stopped by Steve Mason without a rebound.
12:13 of 1st period - Matt Cullen wins face-off versus Henrik Sedin in Senators zone.
12:22 of 1st period - Brenden Morrow is hit by Erik Gudbranson and loses puck.
12:35 of 1st period - Nick Bjugstad is hit by Scott Hartnell and loses puck.
12:48 of 1st period - Snap shot by Kyle Okposo.
12:48 of 1st period - Stopped by Sergei Bobrovsky without a rebound.
12:49 of 1st period - Vincent Trocheck wins face-off versus Jonathan Toews in Kings zone.
12:49 of 1st period - Vincent Trocheck is hit by Nate Prosser.
12:55 of 1st period - Peter Harrold is hit by Cam Fowler and loses puck.
13:18 of 1st period - Snap shot by Loui Eriksson.
13:18 of 1st period - Stopped by Sergei Bobrovsky with a rebound.
13:20 of 1st period - Snap shot by Loui Eriksson.
13:20 of 1st period - Stopped by Sergei Bobrovsky without a rebound.
13:21 of 1st period - Ryan Johansen wins face-off versus Nazem Kadri in Kings zone.
13:36 of 1st period - Slapshot by Carl Soderberg.
13:36 of 1st period - Goal by Carl Soderberg - Senators : 1 - Kings : 2.
13:37 of 1st period - Jonathan Toews wins face-off versus Tyler Seguin in neutral zone.
13:50 of 1st period - Slapshot by Jonathan Toews.
13:50 of 1st period - Stopped by Sergei Bobrovsky without a rebound.
13:51 of 1st period - Tyler Seguin wins face-off versus Jonathan Toews in Kings zone.
14:04 of 1st period - Snap shot by Milan Lucic.
14:04 of 1st period - Shot Blocked by Erik Gudbranson.
14:06 of 1st period - Slapshot by Cam Fowler.
14:06 of 1st period - Deflect By Milan Lucic.
14:06 of 1st period - Stopped by Steve Mason with a rebound.
14:08 of 1st period - Wrist shot by Milan Lucic.
14:08 of 1st period - Deflect By Tyler Seguin.
14:08 of 1st period - Stopped by Steve Mason with a rebound.
14:29 of 1st period - Minor Penalty to Zach Bogosian for Holding.
14:30 of 1st period - Jonathan Toews wins face-off versus Ryan Johansen in Senators zone.
14:43 of 1st period - Connor Murphy is hit by Tomas Kopecky.
14:55 of 1st period - Snap shot by Ryan Johansen.
14:55 of 1st period - Deflect By Jonathan Toews.
14:55 of 1st period - Goal by Ryan Johansen - Senators : 1 - Kings : 3.
14:56 of 1st period - Tyler Seguin wins face-off versus Henrik Sedin in neutral zone.
15:49 of 1st period - Zach Bogosian is hit by Ryan Johansen and loses puck.
16:21 of 1st period - Minor Penalty to Zach Bogosian for Tripping.
16:22 of 1st period - Jonathan Toews wins face-off versus Milan Lucic in Senators zone.
16:31 of 1st period - Erik Gudbranson is hit by Milan Lucic and loses puck.
16:38 of 1st period - Wrist shot by Tyler Seguin.
16:38 of 1st period - Deflect By Mika Zibanejad.
16:38 of 1st period - Stopped by Steve Mason with a rebound.
16:40 of 1st period - Snap shot by Tyler Seguin.
16:40 of 1st period - Stopped by Steve Mason with a rebound.
16:42 of 1st period - Slapshot by Duncan Keith.
16:42 of 1st period - Shot Misses the Net.
16:44 of 1st period - Slapshot by Cam Fowler.
16:44 of 1st period - Shot Misses the Net.
18:08 of 1st period - Tomas Kopecky is hit by Connor Murphy and loses puck.
18:21 of 1st period - Penalty to Zach Bogosian is over, Zach Bogosian is back on ice.
18:29 of 1st period - Minor Penalty to Colin Greening for Hooking.
18:30 of 1st period - Tyler Seguin wins face-off versus Nazem Kadri in Senators zone.
19:46 of 1st period - Duncan Keith is hit by Reilly Smith and loses puck.
19:54 of 1st period - Off-side.
19:55 of 1st period - Ryan Johansen wins face-off versus Jonathan Toews in neutral zone.
19:58 of 1st period - Connor Murphy is hit by Cam Fowler and loses puck.
Goals for this period are 1 for Senators vs 3 for Kings.
Shots for this period are 10 for Senators vs 15 for Kings.

2nd period


0:01 of 2nd period - Jonathan Toews wins face-off versus Tyler Seguin in neutral zone.
0:29 of 2nd period - Penalty to Colin Greening is over, Colin Greening is back on ice.
0:33 of 2nd period - Slapshot by Cam Fowler.
0:33 of 2nd period - Stopped by Steve Mason with a rebound.
0:35 of 2nd period - Snap shot by Tyler Seguin.
0:35 of 2nd period - Shot Misses the Net.
0:37 of 2nd period - Slapshot by Duncan Keith.
0:37 of 2nd period - Stopped by Steve Mason without a rebound.
0:38 of 2nd period - Henrik Sedin wins face-off versus Ryan Johansen in Senators zone.
1:46 of 2nd period - Jonathan Toews is hit by Brenden Morrow and loses puck.
1:59 of 2nd period - Wrist shot by Phil Kessel.
1:59 of 2nd period - Stopped by Sergei Bobrovsky with a rebound.
3:58 of 2nd period - Slapshot by Loui Eriksson.
3:58 of 2nd period - Stopped by Sergei Bobrovsky with a rebound.
4:00 of 2nd period - Wrist shot by Loui Eriksson.
4:00 of 2nd period - Stopped by Sergei Bobrovsky with a rebound.
4:24 of 2nd period - Snap shot by Scott Hartnell.
4:24 of 2nd period - Shot Misses the Net.
4:26 of 2nd period - Slapshot by Nate Prosser.
4:26 of 2nd period - Deflect By Scott Hartnell.
4:26 of 2nd period - Shot Misses the Net.
4:26 of 2nd period - Puck is out of play.
4:27 of 2nd period - Matt Cullen wins face-off versus Henrik Sedin in Kings zone.
4:40 of 2nd period - Wrist shot by Matt Cullen.
4:40 of 2nd period - Shot Misses the Net.
5:01 of 2nd period - Minor Penalty to Kyle Okposo for Tripping.
5:02 of 2nd period - Jonathan Toews wins face-off versus Tyler Seguin in Senators zone.
5:02 of 2nd period - Jonathan Toews is hit by Milan Lucic.
5:43 of 2nd period - Snap shot by Colin Greening.
5:43 of 2nd period - Shot Blocked by Ladislav Smid.
6:47 of 2nd period - Colin Greening is hit by Milan Lucic and loses puck.
6:56 of 2nd period - Snap shot by Matt Cullen.
6:56 of 2nd period - Stopped by Steve Mason with a rebound.
7:01 of 2nd period - Penalty to Kyle Okposo is over, Kyle Okposo is back on ice.
7:25 of 2nd period - Snap shot by Nazem Kadri.
7:25 of 2nd period - Stopped by Sergei Bobrovsky without a rebound.
7:26 of 2nd period - Matt Cullen wins face-off versus Nazem Kadri in Kings zone.
7:46 of 2nd period - Wrist shot by Matt Cullen.
7:46 of 2nd period - Shot Misses the Net.
8:12 of 2nd period - Snap shot by Kyle Okposo.
8:12 of 2nd period - Shot Misses the Net.
8:32 of 2nd period - Snap shot by Matt Cullen.
8:32 of 2nd period - Shot Misses the Net.
9:43 of 2nd period - Duncan Keith is hit by David Clarkson and loses puck.
10:07 of 2nd period - Snap shot by Scott Hartnell.
10:07 of 2nd period - Shot Blocked by Nathan Paetsch.
10:23 of 2nd period - Wrist shot by Reilly Smith.
10:23 of 2nd period - Stopped by Sergei Bobrovsky with a rebound.
10:29 of 2nd period - Nate Prosser is hit by Nathan Paetsch and loses puck.
10:46 of 2nd period - Nick Bjugstad is hit by Peter Harrold.
11:14 of 2nd period - Slapshot by Scott Gomez.
11:14 of 2nd period - Deflect By Colin Greening.
11:14 of 2nd period - Shot Blocked by Duncan Keith.
11:14 of 2nd period - Puck is out of play.
11:15 of 2nd period - Scott Gomez wins face-off versus Nick Bjugstad in Kings zone.
11:24 of 2nd period - Colin Greening is hit by Cam Fowler and loses puck.
11:42 of 2nd period - Cam Fowler is hit by Justin Schultz and loses puck.
12:07 of 2nd period - Slapshot by Jonathan Toews.
12:07 of 2nd period - Stopped by Sergei Bobrovsky with a rebound.
12:36 of 2nd period - Snap shot by Nick Bjugstad.
12:36 of 2nd period - Stopped by Steve Mason without a rebound.
12:37 of 2nd period - Matt Cullen wins face-off versus Henrik Sedin in Senators zone.
13:02 of 2nd period - Slapshot by Henrik Sedin.
13:02 of 2nd period - Stopped by Sergei Bobrovsky without a rebound.
13:03 of 2nd period - Carl Soderberg wins face-off versus Nazem Kadri in Kings zone.
13:03 of 2nd period - Carl Soderberg is hit by Justin Schultz.
13:06 of 2nd period - Minor Penalty to Brenden Morrow for Hooking.
13:07 of 2nd period - Tyler Seguin wins face-off versus Henrik Sedin in Kings zone.
13:31 of 2nd period - Snap shot by Henrik Sedin.
13:31 of 2nd period - Shot Misses the Net.
13:33 of 2nd period - Slapshot by Justin Schultz.
13:33 of 2nd period - Shot Misses the Net.
13:35 of 2nd period - Snap shot by Zach Bogosian.
13:35 of 2nd period - Shot Misses the Net.
13:37 of 2nd period - Snap shot by Justin Schultz.
13:37 of 2nd period - Stopped by Sergei Bobrovsky with a rebound.
13:39 of 2nd period - Slapshot by Zach Bogosian.
13:39 of 2nd period - Shot Misses the Net.
13:41 of 2nd period - Wrist shot by Loui Eriksson.
13:41 of 2nd period - Shot Misses the Net.
15:06 of 2nd period - Penalty to Brenden Morrow is over, Brenden Morrow is back on ice.
15:09 of 2nd period - Cam Fowler is hit by Erik Gudbranson and loses puck.
15:17 of 2nd period - Icing by Cam Fowler.
15:18 of 2nd period - Vincent Trocheck wins face-off versus Nazem Kadri in Kings zone.
15:18 of 2nd period - Vincent Trocheck is hit by Nazem Kadri.
15:26 of 2nd period - Nate Prosser is hit by Vincent Trocheck and loses puck.
16:09 of 2nd period - Snap shot by Cam Fowler.
16:09 of 2nd period - Stopped by Steve Mason with a rebound.
16:11 of 2nd period - Slapshot by Cam Fowler.
16:11 of 2nd period - Shot Blocked by Nate Prosser.
16:13 of 2nd period - Backhand shot by Nathan Paetsch.
16:13 of 2nd period - Shot Misses the Net.
16:15 of 2nd period - Slapshot by Cam Fowler.
16:15 of 2nd period - Stopped by Steve Mason with a rebound.
16:21 of 2nd period - Minor Penalty to Reilly Smith for Interference.
16:22 of 2nd period - Jonathan Toews wins face-off versus Milan Lucic in Senators zone.
17:02 of 2nd period - Minor Penalty to Adam McQuaid for Roughing.
17:03 of 2nd period - Jonathan Toews wins face-off versus Tyler Seguin in Kings zone.
17:10 of 2nd period - Slapshot by Justin Schultz.
17:10 of 2nd period - Shot Blocked by Duncan Keith.
17:46 of 2nd period - Duncan Keith is hit by Zach Bogosian and loses puck.
18:18 of 2nd period - Icing by Phil Kessel.
18:19 of 2nd period - Milan Lucic wins face-off versus Jonathan Toews in Senators zone.
18:21 of 2nd period - Penalty to Reilly Smith is over, Reilly Smith is back on ice.
18:22 of 2nd period - Snap shot by Mika Zibanejad.
18:22 of 2nd period - Shot Misses the Net.
19:02 of 2nd period - Penalty to Adam McQuaid is over, Adam McQuaid is back on ice.
19:17 of 2nd period - Snap shot by Nick Bjugstad.
19:17 of 2nd period - Shot Misses the Net.
19:19 of 2nd period - Slapshot by Nathan Paetsch.
19:19 of 2nd period - Shot Blocked by Loui Eriksson.
Goals for this period are 0 for Senators vs 0 for Kings.
Shots for this period are 8 for Senators vs 6 for Kings.

3rd period


0:01 of 3rd period - Jonathan Toews wins face-off versus Tyler Seguin in neutral zone.
0:10 of 3rd period - Wrist shot by Phil Kessel.
0:10 of 3rd period - Stopped by Sergei Bobrovsky with a rebound.
0:15 of 3rd period - Off-side.
0:16 of 3rd period - Jonathan Toews wins face-off versus Tyler Seguin in neutral zone.
0:21 of 3rd period - Cam Fowler is hit by Zach Bogosian and loses puck.
0:45 of 3rd period - Wrist shot by Tyler Seguin.
0:45 of 3rd period - Shot Blocked by Loui Eriksson.
0:47 of 3rd period - Slapshot by Milan Lucic.
0:47 of 3rd period - Shot Misses the Net.
1:22 of 3rd period - Tomas Kopecky is hit by Scott Hartnell and loses puck.
2:22 of 3rd period - Henrik Tallinder is hit by Nazem Kadri and loses puck.
2:29 of 3rd period - Wrist shot by Reilly Smith.
2:29 of 3rd period - Shot Blocked by Milan Lucic.
2:31 of 3rd period - Slapshot by Peter Harrold.
2:31 of 3rd period - Stopped by Sergei Bobrovsky with a rebound.
2:38 of 3rd period - Off-side.
2:39 of 3rd period - Scott Gomez wins face-off versus Ryan Johansen in neutral zone.
2:54 of 3rd period - Slapshot by Colin Greening.
2:54 of 3rd period - Stopped by Sergei Bobrovsky with a rebound.
3:12 of 3rd period - Nate Prosser is hit by Milan Lucic.
3:13 of 3rd period - Icing by Nate Prosser.
3:14 of 3rd period - Tyler Seguin wins face-off versus David Clarkson in Senators zone.
4:41 of 3rd period - Wrist shot by Ryan Johansen.
4:41 of 3rd period - Stopped by Steve Mason with a rebound.
5:23 of 3rd period - Henrik Sedin is hit by Matt Cullen and loses puck.
5:50 of 3rd period - Cam Fowler is hit by Henrik Sedin and loses puck.
6:16 of 3rd period - Minor Penalty to Brenden Morrow for Holding.
6:17 of 3rd period - Jonathan Toews wins face-off versus Tyler Seguin in Kings zone.
6:19 of 3rd period - Wrist shot by Scott Hartnell.
6:19 of 3rd period - Shot Misses the Net.
6:35 of 3rd period - Snap shot by Phil Kessel.
6:35 of 3rd period - Deflect By Jonathan Toews.
6:35 of 3rd period - Stopped by Sergei Bobrovsky with a rebound.
6:37 of 3rd period - Slapshot by Justin Schultz.
6:37 of 3rd period - Stopped by Sergei Bobrovsky with a rebound.
6:47 of 3rd period - Snap shot by Scott Hartnell.
6:47 of 3rd period - Stopped by Sergei Bobrovsky without a rebound.
6:48 of 3rd period - Henrik Sedin wins face-off versus Tyler Seguin in Kings zone.
6:49 of 3rd period - Wrist shot by Kyle Okposo.
6:49 of 3rd period - Stopped by Sergei Bobrovsky without a rebound.
6:50 of 3rd period - Henrik Sedin wins face-off versus Tyler Seguin in Kings zone.
7:42 of 3rd period - Scott Hartnell is hit by Ladislav Smid and loses puck.
8:16 of 3rd period - Penalty to Brenden Morrow is over, Brenden Morrow is back on ice.
8:21 of 3rd period - Vincent Trocheck is hit by Zach Bogosian and loses puck.
8:28 of 3rd period - Snap shot by Phil Kessel.
8:28 of 3rd period - Stopped by Sergei Bobrovsky with a rebound.
9:34 of 3rd period - Zach Bogosian is hit by Milan Lucic and loses puck.
9:43 of 3rd period - Snap shot by Milan Lucic.
9:43 of 3rd period - Stopped by Steve Mason with a rebound.
9:45 of 3rd period - Wrist shot by Tyler Seguin.
9:45 of 3rd period - Stopped by Steve Mason without a rebound.
9:46 of 3rd period - Scott Gomez wins face-off versus Tyler Seguin in Senators zone.
9:48 of 3rd period - Minor Penalty to David Clarkson for Interference.
9:49 of 3rd period - Ryan Johansen wins face-off versus Jonathan Toews in Senators zone.
10:32 of 3rd period - Connor Murphy is hit by Adam McQuaid and loses puck.
11:48 of 3rd period - Penalty to David Clarkson is over, David Clarkson is back on ice.
12:21 of 3rd period - Slapshot by Matt Cullen.
12:21 of 3rd period - Shot Misses the Net.
12:23 of 3rd period - Slapshot by Duncan Keith.
12:23 of 3rd period - Stopped by Steve Mason without a rebound.
12:24 of 3rd period - Henrik Sedin wins face-off versus Matt Cullen in Senators zone.
12:29 of 3rd period - Backhand shot by Kyle Okposo.
12:29 of 3rd period - Shot Misses the Net.
12:35 of 3rd period - Kyle Okposo is hit by Matt Cullen and loses puck.
13:20 of 3rd period - Snap shot by Ryan Johansen.
13:20 of 3rd period - Shot Blocked by Nate Prosser.
13:28 of 3rd period - Cam Fowler is hit by Nate Prosser and loses puck.
14:08 of 3rd period - Ladislav Smid is hit by Connor Murphy and loses puck.
15:06 of 3rd period - Nick Bjugstad is hit by David Clarkson and loses puck.
15:31 of 3rd period - Ladislav Smid is hit by Nate Prosser.
15:37 of 3rd period - Snap shot by Ryan Johansen.
15:37 of 3rd period - Stopped by Steve Mason with a rebound.
15:39 of 3rd period - Wrist shot by Carl Soderberg.
15:39 of 3rd period - Stopped by Steve Mason with a rebound.
15:41 of 3rd period - Slapshot by Cam Fowler.
15:41 of 3rd period - Stopped by Steve Mason with a rebound.
16:29 of 3rd period - Erik Gudbranson is hit by Ladislav Smid and loses puck.
17:06 of 3rd period - Minor Penalty to David Clarkson for Hooking.
17:07 of 3rd period - Tyler Seguin wins face-off versus Jonathan Toews in Senators zone.
18:01 of 3rd period - Cam Fowler is hit by Reilly Smith and loses puck.
18:22 of 3rd period - Ladislav Smid is hit by Connor Murphy and loses puck.
18:27 of 3rd period - Snap shot by Loui Eriksson.
18:27 of 3rd period - Deflect By Ladislav Smid.
18:27 of 3rd period - Shot Blocked by Tomas Kopecky.
18:27 of 3rd period - Puck is out of play.
18:28 of 3rd period - Nick Bjugstad wins face-off versus Nazem Kadri in Kings zone.
18:33 of 3rd period - Scott Hartnell is hit by Ladislav Smid and loses puck.
19:06 of 3rd period - Penalty to David Clarkson is over, David Clarkson is back on ice.
19:49 of 3rd period - Nate Prosser is hit by Brenden Morrow.
Goals for this period are 0 for Senators vs 0 for Kings.
Shots for this period are 8 for Senators vs 7 for Kings.


Output by the SimonT Hockey Simulator (STHS) for Eric Dolegowski -- Original Page W3C XHTML 1.0 Valid
Hockey Simulator - Hockey Simulation - Hockey Manager